 Dungeon Crawl Stone Soup version 0.27.1-1-g398f81649c (webtiles) character file.

Game seed: 16148796482132131091

2191 boopmooplesden the Cleaver (level 9, -3/75 HPs)
             Began as a Minotaur Fighter on Sept 17, 2021.
             Slain by an orc knight (12 damage)
             ... in a bailey.
             The game lasted 00:09:53 (6242 turns).

boopmooplesden the Cleaver (Minotaur Fighter)       Turns: 6242, Time: 00:09:53

Health: -3/75      AC: 17    Str: 23    XL:     9   Next: 12%
Magic:  8/8        EV:  6    Int: 13    God:
Gold:   282        SH: 11    Dex: 12    Spells: 8/8 levels left

rFire    . . .     SeeInvis .   a - +2 war axe
rCold    . . .     Faith    .   c - +0 kite shield
rNeg     + . .     Spirit   .   k - +1 plate armour of the Baker {rN+ Str-2 Int+4}
rPois    .         Reflect  .   (helmet restricted)
rElec    .         Harm     .   u - +0 cloak
rCorr    .         Rampage  .   (no gloves)
Will     .....                  d - +0 pair of boots of Untruth {Int+4 Dex+3}
Stlth    ..........             (no amulet)
HPRegen  0.22/turn              (no ring)
MPRegen  0.11/turn              (no ring)

@: no status effects
A: horns 2, retaliatory headbutt
a: no special abilities


You were in a bailey.
You visited 1 branch of the dungeon, and saw 7 of its levels.
You also visited: Bailey.

You collected 282 gold pieces.

Inventory:

Hand Weapons
 a - a +2 war axe (weapon)
 j - a +1 whip of electrocution
Missiles
 e - 20 poisoned darts (quivered)
 y - 40 boomerangs
Armour
 b - a +0 scale mail
 c - a +0 kite shield (worn)
 d - the +0 pair of boots of Untruth (worn) {Int+4 Dex+3}
   (You acquired it on level 6 of the Dungeon)

   Int:       It affects your intelligence (+4).
   Dex:       It affects your dexterity (+3).
 k - the +1 plate armour of the Baker (worn) {rN+ Str-2 Int+4}
   (You found it on level 6 of the Dungeon)

   Str:       It affects your strength (-2).
   Int:       It affects your intelligence (+4).
   rN:        It protects you from negative energy.
 u - a +0 cloak (worn)
Jewellery
 l - an amulet of regeneration
 x - an amulet of reflection
Wands
 t - a wand of polymorph (10)
 w - a wand of paralysis (11)
Scrolls
 f - 2 scrolls of fog
 g - a scroll of enchant weapon
 i - a scroll of magic mapping
 m - a scroll of silence
 o - a scroll of vulnerability {unknown}
 q - a scroll of enchant armour {unknown}
 z - a scroll of fear {unknown}
Potions
 h - a potion of lignification {unknown}
 n - a potion of flight {unknown}
 p - a potion of brilliance {unknown}
 r - a potion of resistance {unknown}
 s - 3 potions of curing
 v - a potion of invisibility {unknown}
 A - a potion of cancellation {unknown}


   Skills:
 + Level 6.1 Fighting
 + Level 9.9 Axes
 + Level 1.1 Throwing
 + Level 7.6 Armour
 + Level 2.0 Dodging
 + Level 0.4 Stealth
 + Level 6.8 Shields


You had 8 spell levels left.
You didn't know any spells.
Your spell library contained the following spells:

 Spells                   Type           Power      Damage    Failure   Level
 Animate Skeleton         Necr           0%         N/A       100%        1
 Apportation              Tloc           0%         N/A       100%        1
 Corona                   Hex            0%         N/A       100%        1
 Magic Dart               Conj           0%         1d3       100%        1
 Summon Small Mammal      Summ           0%         N/A       100%        1
 Call Imp                 Summ           0%         N/A       100%        2
 Mephitic Cloud           Conj/Pois/Air  0%         N/A       100%        3


Dungeon Overview and Level Annotations

Branches:
Dungeon (7/15)             Temple (0/1) D:6          Bailey (1/1)

Altars:
Makhleb
Nemelex Xobeh
Wu Jian
The Shining One


Innate Abilities, Weirdness & Mutations

You have a pair of horns on your head.
You reflexively headbutt those who attack you in melee.


Message History

The kobold throws a boomerang.
The boomerang barely misses you.
The kobold throws a boomerang.
You block the boomerang. You block the orc knight's attack.
The kobold throws a boomerang.
The boomerang barely misses you.
Okay, then.
You slash the orc knight! You headbutt the orc knight!
The orc knight is moderately wounded.
The orc knight hits you with a +0 broad axe!
Your plate armour of the Baker prevents you from hitting the orc knight.
The orc knight is moderately wounded.
The orc knight hits you with a +0 broad axe.
You slice the orc knight!! Your headbutt misses the orc knight.
The orc knight is heavily wounded.
The kobold throws a boomerang.
You block the boomerang. You block the orc knight's attack.
The kobold throws a boomerang.
The boomerang hits you but does no damage.
You slash the orc knight!
The orc knight is severely wounded.
The kobold throws a boomerang.
The boomerang hits you but does no damage.
The orc knight hits you with a +0 broad axe!
The kobold throws a boomerang.
The boomerang hits you but does no damage.
You closely miss the orc knight. You headbutt the orc knight.
The orc knight is severely wounded.
The orc knight hits you with a +0 broad axe!
The kobold throws a boomerang.
The boomerang hits you but does no damage.
You hit the orc knight.
The orc knight is severely wounded.
The orc knight hits you with a +0 broad axe!!
* * * LOW HITPOINT WARNING * * *
The orc knight hits you with a +0 broad axe.
* * * LOW HITPOINT WARNING * * *
You hit the orc knight. You headbutt the orc knight.
The orc knight is almost dead.
The kobold throws a boomerang.
The boomerang hits you but does no damage.
The orc knight hits you with a +0 broad axe!
You die...

...... ...... 8....
....8 ....# #.... ♣# ...
#.... ♣.# ... #....
♣♣..###'# ##†##
♣...≈≈≈)# #)≈≈ ♣..K≈≈≈o#
#)≈≈ ∩..K≈≈≈@# #.≈≈
♣..K≈≈≈.##.........##.≈≈
♣...≈≈≈(#≈..8...8..≈#.≈≈
♣♣..###'#≈.........≈#'##
♣.##...#≈)!8o.o8?[≈#..(
♣##....##≈≈#####g≈##.((
##......####...####†...
#....))................
#..8..8.........)...8..


You could see an orc knight and 3 kobolds.

Vanquished Creatures
  Sigmund (D:6)
  2 water moccasins
  An ice beast (D:6)
  An orc warrior (Bailey)
  2 ogres
  A centaur (D:7)
  A wyvern zombie (D:6)
  7 scorpions
  A water moccasin skeleton (D:6)
  6 wights (D:6)
  A howler monkey (D:6)
  A centaur zombie (D:6)
  A centaur skeleton (D:7)
  A hound (D:5)
  2 jellies
  Crazy Yiuf (D:6)
  A bullfrog skeleton (D:4)
  3 iguanas (D:6)
  A scorpion zombie (D:5)
  A killer bee zombie (D:6)
  A howler monkey zombie (D:7)
  Robin (D:2)
  3 gnolls (Bailey)
  A howler monkey skeleton (D:5)
  7 adders
  An adder skeleton (D:4)
  3 worms
  3 dart slugs
  7 endoplasms
  6 giant cockroaches
  25 goblins
  11 hobgoblins
  4 jackals (D:2)
  6 quokkas
  5 ball pythons
  5 bats
  2 frilled lizards
  16 kobolds
  8 rats
151 creatures vanquished.

Notes
Turn   | Place    | Note
-------+----------+-------------------------------------------
     0 | D:1      | boopmooplesden the Minotaur Fighter began the quest for the
                  | Orb.
     0 | D:1      | Reached XP level 1. HP: 19/19 MP: 0/0
   137 | D:1      | Reached XP level 2. HP: 10/27 MP: 1/1
   721 | D:1      | Reached skill level 3 in Axes
   721 | D:1      | Reached XP level 3. HP: 29/33 MP: 2/2
  1637 | D:2      | Noticed Robin
  1658 | D:2      | Reached XP level 4. HP: 26/40 MP: 3/3
  1669 | D:2      | Killed Robin
  2063 | D:3      | Found a faded altar of an unknown god.
  2089 | D:3      | Reached skill level 4 in Axes
  2272 | D:3      | Found a sparkling altar of Nemelex Xobeh.
  2383 | D:3      | Reached XP level 5. HP: 46/46 MP: 4/4
  2528 | D:3      | Found an ornate altar of the Wu Jian Council.
  2980 | D:4      | Found a burning altar of Makhleb.
  2980 | D:4      | Noticed a green death
  2984 | D:4      | Noticed a neqoxec
  2984 | D:4      | Noticed an orange demon
  3136 | D:5      | Entered Level 5 of the Dungeon
  3153 | D:5      | Reached skill level 5 in Axes
  3153 | D:5      | Reached skill level 5 in Shields
  3264 | D:5      | Noticed an ogre
  3270 | D:5      | Killed an ogre
  3271 | D:5      | Reached XP level 6. HP: 53/53 MP: 5/5
  3280 | D:5      | Reached skill level 5 in Armour
  3280 | D:5      | Reached skill level 1 in Dodging
  3298 | D:6      | Reached skill level 6 in Axes
  3637 | D:6      | Found a runed translucent door.
  3638 | D:6      | Noticed Crazy Yiuf
  3703 | D:6      | Found a glowing golden altar of the Shining One.
  3733 | D:6      | Noticed Sigmund
  3734 | D:6      | Identified the +1 plate armour of the Baker {rN+ Str-2
                  | Int+4}
  3761 | D:6      | Killed Sigmund
  3762 | D:6      | Reached XP level 7. HP: 56/60 MP: 6/6
  3854 | D:5      | Reached skill level 7 in Axes
  4125 | D:5      | Reached skill level 5 in Fighting
  4404 | D:5      | Reached XP level 8. HP: 68/68 MP: 7/7
  4846 | D:6      | Reached skill level 8 in Axes
  5139 | D:6      | Identified a scroll of acquirement
  5139 | D:6      | Acquired the +0 pair of boots of Untruth {Int+4 Dex+3}
  5213 | D:6      | Found a staircase to the Ecumenical Temple.
  5330 | D:6      | Reached skill level 9 in Axes
  5789 | D:6      | Killed Crazy Yiuf
  6064 | D:7      | Found a flagged portal.
  6074 | D:7      | Reached XP level 9. HP: 74/75 MP: 8/8
  6101 | Bailey   | Entered a bailey
  6106 | Bailey   | Noticed an orc warlord
  6152 | Bailey   | Reached skill level 1 in Throwing
  6230 | Bailey   | Noticed an orc knight
  6242 | Bailey   | Slain by an orc knight

Illustrated notes

Levels and vault maps discovered:
D:1:      minmay_arrival_doors, layout_loops_cross, minmay_tetromino_o2
D:2:      layout_basic, serial_corexii_hall, chequers_hall_statues_corner_a,
          corexii_hall_statues_i, dk_noncrumbling_3, uniq_robin
D:3:      layout_basic, marbit_many_paths,
          mainiacjoe_overflow_concentric_impassable,
          hellmonk_ecumenical_altar_heavens_door
D:4:      layout_basic, makhleb_altar_promises_db
D:5:      layout_rooms, minmay_door_square
D:6:      layout_loops_ring, tso_altar, minmay_temple_entry_from_below_a,
          grunt_tough_drop, uniq_sigmund, uniq_crazy_yiuf_cottage
D:7:      layout_gridville, nicolae_uskayaw_suspiria, enter_bailey_5,
          worms_lemuel
Bailey:   bailey_axe_bossmonster_kennysheep, bailey

Skill      XL: |  1  2  3  4  5  6  7  8  9 |
---------------+----------------------------+-----
Armour         | 4 5 6 7 |  7.6
Shields        | 4 5 6 |  6.8
Axes           | 3 4 5 6 7 9 |  9.9
Fighting       | 4 5 6 |  6.1
Dodging        | 1 2 |  2.0
Throwing       | 1 |  1.1
Stealth        | |  0.4

Action                   |  1- 3 |  4- 6 |  7- 9 || total
-------------------------+-------+-------+-------++-------
Melee: War axe           |    98 |    90 |   168 ||   356
       Headbutt          |    15 |    13 |    32 ||    60
Throw: Dart              |       |     3 |    22 ||    25
  Use: Scroll            |       |    11 |     1 ||    12
       Potion            |       |     1 |     3 ||     4
Armor: Scale mail        |    53 |    42 |    11 ||   106
       Plate armour      |       |       |   119 ||   119
Dodge: Dodged            |    47 |    26 |    52 ||   125
Block: Kite shield       |    53 |    50 |   127 ||   230
